 Dungeon Crawl Stone Soup version 0.29-a0-648-g6b26cc9f40 (webtiles) character file.

Game seed: 8521817195817092700

204 quinnr the Gusty (level 5, -2/29 HPs)
             Began as a Tengu Air Elementalist on June 20, 2022.
             Slain by an orc
             ... wielding a +0 whip
              (5 damage)
             ... on level 4 of the Dungeon.
             The game lasted 00:06:01 (4084 turns).

quinnr the Gusty (Tengu Air Elementalist)           Turns: 4084, Time: 00:06:02

Health: -2/29      AC:  2    Str:  8    XL:     5   Next: 82%
Magic:  7/9        EV: 14    Int: 18    God:
Gold:   133        SH:  0    Dex: 14    Spells: 1/8 levels left

rFire   . . .      SeeInvis .   e - +3 dagger
rCold   . . .      Faith    .   (no shield)
rNeg    . . .      Spirit   .   a - +0 robe
rPois   .          Reflect  .   (helmet restricted)
rElec   .          Harm     .   (no cloak)
rCorr   +          Rampage  .   (no gloves)
Will    .....                   (boots unavailable)
Stlth   ++........              (no amulet)
HPRegen 0.09/turn               g - +4 ring of slaying
MPRegen 0.11/turn               s - ring of resist corrosion

@: flying quickly and evasively, quick
A: beak, talons 3, nimble flight
a: no special abilities


You were on level 4 of the Dungeon.
You visited 1 branch of the dungeon, and saw 4 of its levels.

You collected 133 gold pieces.

Inventory:

Hand Weapons
 e - a +3 dagger (weapon)
 u - the +11 mace of Disorder {venom, Str+6 Dex+3}
   (You found it on level 2 of the Dungeon)

   It poisons the flesh of those it strikes.
   Str:       It affects your strength (+6).
   Dex:       It affects your dexterity (+3).
Missiles
 v - 6 poisoned darts
Armour
 a - a +0 robe (worn)
Jewellery
 g - a +4 ring of slaying (left hand)
 j - a ring of protection from cold
 o - a ring of fire
 s - a ring of resist corrosion (right hand)
Wands
 t - a wand of flame (20)
 y - a wand of quicksilver (8)
 A - a wand of paralysis (4)
Scrolls
 c - a scroll of poison {unknown}
 f - a scroll of fog {unknown}
 h - 2 scrolls of identify {unknown}
 l - a scroll of acquirement {unknown}
 q - a scroll of silence {unknown}
 r - 2 scrolls of enchant weapon {unknown}
 w - a scroll of immolation {unknown}
Potions
 b - a potion of magic
 i - 2 potions of attraction {unknown}
 k - a potion of haste {unknown}
 m - a potion of berserk rage {unknown}
 n - a potion of ambrosia {unknown}
 p - a potion of flight {unknown}
 x - a potion of brilliance {unknown}
 z - a potion of experience {unknown}


   Skills:
 + Level 1.0 Fighting
 - Level 1.0 Short Blades
 - Level 2.1 Dodging
 + Level 3.2 Stealth
 + Level 2.3 Spellcasting
 - Level 1.3 Conjurations
 * Level 7.0 Air Magic


You had one spell level left.
You knew the following spells:

 Your Spells              Type           Power      Damage    Failure   Level
a - Shock                 Conj/Air       68%        1d7       3%          1
b - Static Discharge      Conj/Air       17%        N/A       4%          2
c - Airstrike             Air            13%        N/A       10%         4

Your spell library contained the following spells:

 Spells                   Type           Power      Damage    Failure   Level
 Beastly Appendage        Tmut           4%         N/A       17%         1
 Swiftness                Air            27%        N/A       3%          3
 Wereblood                Tmut           2%         N/A       26%         2
 Spider Form              Tmut/Pois      2%         N/A       45%         3


Dungeon Overview and Level Annotations

Branches:
Dungeon (4/15)             Temple (0/1) D:4

Altars:

Shops:
D:1 [

Annotations:
D:4 3 runed translucent doors, samgaumpmail's ghost, amateur SpEn


Innate Abilities, Weirdness & Mutations

You have a beak for a mouth.
You have claws for feet.
Your magical nature lets you fly swiftly and evasively.


Message History

The orc wizard is moderately wounded.
The orc is struck by an arc of lightning.
The orc is severely wounded.
The lightning grounds out.
The gnoll is struck by an arc of lightning!
The gnoll is heavily wounded.
You are struck by an arc of lightning.
* * * LOW HITPOINT WARNING * * *
The lightning grounds out.
The gnoll hits you but does no damage. The orc hits you with a +0 whip.
* * * LOW HITPOINT WARNING * * *
The orc wizard gestures at you while chanting.
You are confused.
Unknown command.
Unknown command.
Unknown command.
Okay, then.
You are too confused!
Unknown command.
You feel better. The orc barely misses you.
The orc wizard casts a spell.
The orc wizard flickers and vanishes!
Deactivating autopickup; reactivate with Ctrl-A.
The gnoll hits you with a +0 whip.
Unknown command.
A kobold comes into view. It is wielding a +0 dagger.
The orc hits you with a +0 whip.
* * * LOW HITPOINT WARNING * * *
The ball python bites you but does no damage.
The ball python completely misses you.
Things that are here:
a +0 club; a +0 dagger; an orc corpse You puncture something!
Your kick misses something. The ball python barely misses you.
The ball python closely misses you. The orc barely misses you.
Something hits you.
* * * LOW HITPOINT WARNING * * *
Unknown command.
You miss something. Your kick misses something. The ball python misses you.
The ball python closely misses you. The orc hits you with a +0 whip.
You die...

.......... .....
.........##....
#.#.#....>...
...........#
#........#
#.......# .. #
#..[....#
...#.###.<.####
........@S.######
.......o##).....#
.##....g........#
.....o...g......#
................#
................#
...............##
............##.#
....K.......# .#


You could see a gnoll, 2 orcs and a ball python.

Vanquished Creatures
  An orc priest (D:4)
  Natasha (twice) (D:3)
  5 gnolls
  4 worms
  3 orcs
  3 ball pythons
  7 endoplasms
  3 giant cockroaches
  9 hobgoblins
  3 kobolds
  A quokka (D:3)
  6 bats
  3 frilled lizards
  6 goblins
  6 rats
62 creatures vanquished.

Vanquished Creatures (others)
  2 fungi (D:4)
  2 plants (D:4)
4 creatures vanquished.

Grand Total: 66 creatures vanquished

Notes
Turn   | Place    | Note
-------+----------+-------------------------------------------
     0 | D:1      | quinnr the Tengu Air Elementalist began the quest for the
                  | Orb.
     0 | D:1      | Reached XP level 1. HP: 10/10 MP: 4/4
   241 | D:1      | Reached XP level 2. HP: 15/15 MP: 4/6
   430 | D:1      | Reached skill level 5 in Air Magic
   956 | D:1      | Found Gapp's Antique Armour Shoppe.
  1166 | D:2      | Reached XP level 3. HP: 19/19 MP: 3/7
  1169 | D:2      | Learned a level 2 spell: Static Discharge
  1212 | D:2      | Found a faded altar of an unknown god.
  2030 | D:2      | Identified the +11 mace of Disorder {venom, Str+6 Dex+3}
  2197 | D:3      | Reached skill level 1 in Short Blades
  2197 | D:3      | Reached XP level 4. HP: 24/24 MP: 2/8
  2198 | D:3      | Reached skill level 6 in Air Magic
  2487 | D:3      | Noticed Natasha
  2491 | D:3      | Paralysed by a kobold for 3 turns
  2501 | D:3      | HP: 1/24 [goblin/+0 club (3)]
  3301 | D:3      | Learned a level 4 spell: Airstrike
  3438 | D:4      | Found a runed translucent gate.
  3438 | D:4      | Found a runed translucent gate.
  3438 | D:4      | Found a runed translucent gate.
  3439 | D:4      | Noticed samgaumpmail's ghost (amateur SpEn)
  3442 | D:4      | Noticed a kobold brigand
  3477 | D:4      | Found a staircase to the Ecumenical Temple.
  3657 | D:3      | Killed Natasha
  3658 | D:3      | Gained mutation: Your magical nature lets you fly swiftly
                  | and evasively. [Tengu growth]
  3658 | D:3      | Reached XP level 5. HP: 15/28 MP: 9/9
  3684 | D:3      | Noticed Natasha
  3690 | D:3      | Killed Natasha
  3880 | D:4      | Reached skill level 1 in Fighting
  3902 | D:4      | Reached skill level 7 in Air Magic
  4077 | D:4      | HP: 2/29 [/static electricity (2)]
  4084 | D:4      | Slain by an orc

Illustrated notes

Levels and vault maps discovered:
D:1:      dpeg_arrival_radiant, layout_loops_ring, serial_glass,
          glass_columns_a, glass_columns_b, serial_shops,
          nicolae_shop_overgrown_old_shop
D:2:      layout_rooms, ebering_ecumenical_altar_abandoned
D:3:      layout_basic, st_stairs_7, bh_walls_and_bars, uniq_natasha
D:4:      layout_basic, minmay_temple_entry_proselytizer,
          gammafunk_ghost_nasty_kobolds, gup_sewer_entry_spiral, hex_medium,
          minmay_fountain_box

Skill      XL: |  1  2  3  4  5 |
---------------+----------------+-----
Air Magic      | 5 6 7 |  7.0
Short Blades   | 1 |  1.0
Stealth        | 3 |  3.2
Fighting       | 1 |  1.0
Dodging        | |  2.1
Spellcasting   | |  2.3
Conjurations   | |  1.3

Action                   |  1- 3 |  4- 6 || total
-------------------------+-------+-------++-------
Melee: Unarmed           |     3 |       ||     3
       Dagger            |     3 |    17 ||    20
       Kick              |       |     7 ||     7
       Peck              |       |     1 ||     1
 Cast: Shock             |    96 |    54 ||   150
       Static Discharge  |       |     5 ||     5
  Use: Potion            |       |     3 ||     3
Armor: Robe              |     2 |     5 ||     7
Dodge: Dodged            |     7 |    46 ||    53

Table legend: (Time is in decaauts)
 A = Elapsed time spent in this place.
 B = Non-inter-level travel time spent in this place.
 C = Inter-level travel time spent in this place.
 D = Time resting spent in this place.
 E = Time spent auto-exploring this place.
 F = Levels seen in this place.
 G = Mean time per level.
                   A        B        C        D        E       F      G
               +--------+--------+--------+--------+--------+-----+--------+
         Total |   4092 |   3926 |    166 |    963 |   2461 |   4 | 1023.0 |
       Dungeon |   4092 |   3926 |    166 |    963 |   2461 |   4 | 1023.0 |
               +--------+--------+--------+--------+--------+-----+--------+

Top non-repeatable levels by time:
     D:3: 1707 daAuts
     D:1: 1289 daAuts
     D:2: 1038 daAuts
     D:4: 56 daAuts
